[Event "Summer Prague Open-A 2022"]
[Site "Prague"]
[Date "2022.08.05"]
[Round "1.10"]
[White "Weishaeutel, Moritz"]
[Black "Gorainow, Nikita"]
[Result "1-0"]
[ECO "A45"]
[WhiteElo "2400"]
[BlackElo "1987"]
[Annotator "TA"]
[PlyCount "55"]
[EventDate "2022.08.05"]
[EventType "swiss"]
[EventCountry "CZE"]
[SourceTitle "playchess.com"]
[Source "ChessBase"]
[SourceQuality "1"]
[TimeControl "40/5400+30:1800+30"]

1. d4 Nf6 2. Bg5 g6 3. Nc3 d5 4. Qd2 Bg7 5. Bh6 Bxh6 6. Qxh6 {[%emt 0:00:08] D01: Veresov Opening.} c5 (6... Bf5 $11) 7. dxc5 $14 Nc6 8. O-O-O {[%emt 0:02:45][%cal Oe2e4] [#] White is slightly better.} Bf5 $146 {[%emt 0:12:44] Prevents e4.} ({Predecessor:} 8... Qa5 9. Nf3 Bf5 10. e3 Qxc5 11. Bb5 O-O-O 12. Bxc6 bxc6 13. h3 Ne4 14. Nxe4 Bxe4 {½-½ (34) Libersan,T (2214)-Kleinman,M (2297) Trois-Rivieres 2017}) 9. f3 Qa5 {[%emt 0:14:42] Strongly threatening ...d4.} 10. e4 (10. e3 $1 $11) 10... d4 $1 $15 11. Nb5 a6 (11... Be6 $15 {stays ahead.} 12. Nxd4 Qxa2 13. Nxc6 bxc6) 12. Nxd4 $16 (12. exf5 axb5 13. fxg6 fxg6 $17) 12... Nxd4 13. Rxd4 Qxa2 14. Ne2 $1 Be6 15. b4 a5 16. Nc3 $1 (16. Kd2 axb4 17. Nf4 b3 $17) 16... Qa3+ (16... Qa1+ $1 $11 {remains equal.} 17. Kd2 Nd7) 17. Kd2 axb4 18. Bb5+ $40 {[%emt 0:03:00][%mdl 128] White has strong attack.} (18. Nb5 $6 Qa5 19. Bd3 (19. Qg7 $2 Rg8 $19) 19... Bd7 $11) 18... Bd7 19. Bxd7+ Nxd7 20. Nd5 {[%emt 0:00:05] Active counter play!} Qa5 21. Qg7 (21. Rxb4 $2 e6 22. Qg7 Rf8 $19) 21... O-O-O {[%emt 0:00:25] White must now prevent ...e6.} 22. Nxe7+ Kb8 {[%emt 0:00:04] And now ...Rhe8 would win.} 23. Ke3 $2 ({Don't play} 23. Rd5 $6 Qc7 $11) (23. Nd5 $1 $16 {is necessary to keep the advantage. Threatens to win with c6.} Rhe8 24. Ke2 (24. Qxf7 $2 Ne5 $19) (24. Qxh7 $2 Qxc5 25. Rxb4 Ne5 $19) 24... Qxc5 25. Rhd1) 23... Qxc5 $17 24. Nd5 {[%emt 0:00:18] [#]} b5 $2 {[%emt 0:00:59][%mdl 8192] [#] Black cannot hold the game after this.} ({Don't do} 24... Qxc2 25. Rxb4 Qc5+ 26. Qd4 $16) (24... Rhe8 $1 $17 {aiming for ...Ne5.} 25. Rhd1 f5) 25. Rhd1 $1 $18 ({Stronger than} 25. Qxf7 Nb6 26. Qf4+ Kb7 $11) 25... f5 $2 (25... Qxc2 $2 26. Nf6 Qc3+ 27. Ke2 Nxf6 28. Qxf6 Rxd4 29. Qxh8+ Kc7 30. Qxd4 $18) (25... Rhe8 26. Nxb4 Kc8) 26. Nxb4 {[%emt 0:03:00] Intending Na6+ and mate.} Qb6 {[%emt 0:00:01] Prevents Na6+.} 27. Ke2 Nf6 28. Rxd8+ {[%emt 0:00:16] Weighted Error Value: White=0.18 (very precise) /Black=0.84} 1-0

[Event "Summer Prague Open-A 2022"]
[Site "Prague"]
[Date "2022.08.05"]
[Round "1.11"]
[White "Werner, Hong Quan Dan"]
[Black "Zamengo, Fulvio"]
[Result "0-1"]
[ECO "B06"]
[WhiteElo "1965"]
[BlackElo "2396"]
[Annotator "TA"]
[PlyCount "60"]
[EventDate "2022.08.05"]
[EventType "swiss"]
[EventCountry "CZE"]
[SourceTitle "playchess.com"]
[Source "ChessBase"]
[SourceQuality "1"]
[TimeControl "40/5400+30:1800+30"]

1. e4 g6 2. d4 c6 3. Nc3 d5 4. exd5 cxd5 5. Bf4 Bg7 6. Bb5+ {[%emt 0:07:20] B15: Caro-Kann: 3 Nc3: 3...g6 and 3...dxe4 4 Nxe4 Nf6 5 Nxf6+ exf6.} Nc6 7. Nf3 Bg4 {[%emt 0:02:55] [#]} 8. Bxc6+ $146 {[%emt 0:06:31] The position is equal.} ({Predecessor:} 8. h3 Bxf3 9. Qxf3 e6 10. Be5 Bxe5 11. dxe5 Nge7 12. O-O a6 13. Bxc6+ Nxc6 14. Rfe1 O-O {½-½ (72) Shtyka,S (2175)-Juhasz,A (2341) Chess.com INT 2021}) 8... bxc6 9. Qd2 (9. O-O $11) 9... Bxf3 $17 10. gxf3 e6 ({Reject} 10... Nf6 $6 11. O-O-O $11) 11. O-O-O Ne7 12. Bg5 Qc7 13. Bxe7 (13. Na4 $142) 13... Qxe7 14. Na4 Rb8 15. Nc5 {[%emt 0:05:54] [#]} (15. c3 $17) 15... Qxc5 $3 $19 16. dxc5 Bxb2+ 17. Kb1 Bc3+ $1 18. Kc1 Bxd2+ 19. Kxd2 {[%emt 0:00:07][%mdl 4096] Endgame KRR-KRR} Kd7 20. Rb1 a5 21. f4 Kc7 22. Kc3 (22. Rb3 $142) 22... Rxb1 23. Rxb1 {[%emt 0:00:06] [#]} Rb8 $1 24. Rxb8 Kxb8 {[%emt 0:00:08] KP-KP} 25. Kd4 {[%emt 0:01:00] [#] Black must now prevent Ke5.} f6 26. h4 $2 (26. Ke3 Kc8 27. Kd4) 26... Kb7 {[%emt 0:02:07] Black is clearly winning.} 27. Ke3 a4 {[%emt 0:01:09] And now ...Ka6 would win.} 28. Kf3 Ka6 29. Ke3 Kb5 {[%emt 0:00:38] Hoping for ...Kb4.} 30. Kd4 Kb4 {Weighted Error Value: White=0.85/Black=0.06 (flawless)} 0-1

[Event "Summer Prague Open-A 2022"]
[Site "Prague"]
[Date "2022.08.05"]
[Round "1.12"]
[White "Neuman, Petr"]
[Black "Lye, Sverre"]
[Result "1-0"]
[ECO "B24"]
[WhiteElo "2378"]
[BlackElo "2009"]
[Annotator "TA"]
[PlyCount "65"]
[EventDate "2022.08.05"]
[EventType "swiss"]
[EventCountry "CZE"]
[SourceTitle "playchess.com"]
[Source "ChessBase"]
[SourceQuality "1"]
[TimeControl "40/5400+30:1800+30"]

1. e4 {[%emt 0:00:04] ChessBase II} c5 2. Nc3 Nc6 3. Bb5 Nd4 4. Bc4 Nf6 5. Nf3 e6 6. O-O a6 ({Much less strong is} 6... d5 7. exd5 Bd6 8. dxe6 Bxe6 9. Bxe6 Nxe6 10. d3 $14) 7. d3 {[%emt 0:01:12] B30: Sicilian: 2...Nc6 3 Bb5, lines without ...g6.} Nc6 {[%emt 0:12:13] [#]} (7... b5 $5 8. Bb3 Bb7 $11) 8. Bg5 $146 ({Predecessor:} 8. e5 Ng4 9. Bf4 d6 10. exd6 Bxd6 11. Bxd6 Qxd6 12. Ne4 Qe7 13. d4 cxd4 14. Nxd4 Nce5 {0-1 (100) Mazzella,E (2181)-Bauer,C (2637) Vandoeuvre 2019 EXT 2020 [ChessBase II]}) 8... d6 9. a3 {[%emt 0:08:27] The position is equal.} Be7 10. Ba2 h6 11. Bh4 O-O 12. Qe1 b5 13. Nd2 Nd4 (13... g5 $5 14. Bg3 Nh5 $15) 14. Rc1 Bb7 15. Ne2 Nxe2+ 16. Qxe2 d5 17. e5 Nd7 18. Bxe7 Qxe7 19. f4 f6 20. d4 f5 (20... fxe5 $11 {feels stronger.} 21. dxe5 Kh8) 21. c3 $14 a5 22. Qe3 (22. Qxb5 Ba6 23. Qa4 Bxf1 24. Rxf1 Rfb8 $17) (22. Bb1 $5 ) 22... c4 (22... Rfc8 $11) 23. Kh1 b4 24. axb4 axb4 25. Bb1 Nb6 26. g4 g6 $2 {[%emt 0:03:39][%mdl 8192] [#] This move loses the game for Black.} (26... fxg4 $11 27. Qg3 h5) 27. Rg1 $1 $18 {[%emt 0:01:20] Strongly threatening gxf5.} Kf7 (27... Qg7 $142 28. gxf5 (28. cxb4 Kh8 $18) 28... exf5 29. Rxg6 (29. cxb4 Kh7 $18) 29... Qxg6) 28. Qh3 Rh8 $2 (28... bxc3 $2 29. bxc3 Ke8 30. gxf5 gxf5 31. Qxh6) (28... Ke8 29. Qxh6 fxg4 30. Qxg6+ Kd7) 29. gxf5 exf5 {[%emt 0:00:32] [#]} 30. Rxg6 $3 Kxg6 (30... Ke8 31. Bxf5) 31. Qxf5+ {[%emt 0:00:08] White mates.} Kg7 32. Rg1+ Qg5 33. fxg5 {[%emt 0:00:16] Weighted Error Value: White=0.09 (flawless) /Black=0.76} 1-0

[Event "Summer Prague Open-A 2022"]
[Site "Prague"]
[Date "2022.08.05"]
[Round "1.13"]
[White "Zemlicka, Vit"]
[Black "Hollan, Martin"]
[Result "0-1"]
[ECO "B35"]
[WhiteElo "1937"]
[BlackElo "2399"]
[Annotator "TA"]
[PlyCount "104"]
[EventDate "2022.08.05"]
[EventType "swiss"]
[EventCountry "CZE"]
[SourceTitle "playchess.com"]
[Source "ChessBase"]
[SourceQuality "1"]
[TimeControl "40/5400+30:1800+30"]

1. e4 c5 2. Nf3 Nc6 3. d4 cxd4 4. Nxd4 g6 5. Nc3 Bg7 6. Be3 Nf6 7. Bc4 O-O 8. Bb3 Re8 {[%emt 0:00:15] B35: Sicilian: Accelerated Dragon with 5 Nc3: main line.} 9. O-O d6 10. h3 Na5 {[%emt 0:00:08] The position is equal.} 11. Qd3 Nxb3 12. axb3 b6 13. Nd5 (13. Nc6 $5 Qd7 14. Nb4 $11) 13... Bb7 {[%emt 0:02:19] [#]} 14. Nxf6+ $146 ({Predecessor:} 14. c4 e6 15. Nxf6+ Bxf6 16. Nb5 Re7 17. Bd4 Rd7 18. Bxf6 Qxf6 19. Nc3 g5 20. b4 {½-½ (42) Ma,Q (2606)-Cornette,M (2591) Auckland 2016}) 14... exf6 15. f3 d5 16. exd5 Qxd5 17. Bf2 a6 18. c3 Re5 19. Qc4 Qd7 {[%emt 0:03:02] Prevents Qc7.} 20. Rfd1 Rae8 {[%emt 0:24:04] [#]} 21. Ne2 $1 Qe7 (21... Bd5 22. Nf4) 22. Ng3 b5 23. Qd3 f5 24. Qd7 f4 25. Qxe7 R5xe7 26. Nf1 Re2 27. Re1 Rxe1 28. Rxe1 Rxe1 29. Bxe1 $15 {[%emt 0:00:01][%mdl 4096] Endgame KBB-KBN} g5 30. b4 Bd5 31. Nd2 f5 32. Bf2 Kf7 33. Kf1 Ke6 34. Ke2 g4 35. Kd3 h5 36. Bd4 Bf8 37. b3 Be7 38. Bc5 {[%emt 0:00:35] [#]} (38. Bf2 $11) 38... Bh4 (38... Bxc5 $1 $17 39. bxc5 a5) 39. c4 Bc6 40. Bf8 Be1 41. Ke2 (41. Bh6 $1 $11 {keeps the balance.}) 41... Bxd2 $17 42. Kxd2 {[%emt 0:00:22] [#]} Bxf3 $1 {[%emt 0:02:48] KB-KB} ({Don't play} 42... gxf3 $6 43. gxf3 Bxf3 44. c5 $15) 43. Bh6 $2 {[%emt 0:06:52][%mdl 8192] This move loses the game for White.} (43. hxg4 $17 {was the crucial defense.} Bxg4 44. Bh6) 43... Bxg2 $19 {[%emt 0:04:26] Hoping for ...f3.} 44. Bxf4 Bxh3 45. Ke3 Bf1 46. c5 $2 (46. cxb5 Bxb5 47. Bg3) 46... Bg2 47. Bg3 Bd5 48. Kf4 Bxb3 49. Kg5 $2 (49. c6 Kd6 50. Kxf5+ Kxc6 51. Be1) 49... a5 {[%emt 0:01:37] White must now prevent ...a4.} 50. bxa5 Bd5 {[%emt 0:00:03] ( -> ...b4)} 51. Kxh5 b4 52. Be1 b3 {[%emt 0:00:09] Weighted Error Value: White=0.62/Black=0.06 (flawless)} 0-1

[Event "Summer Prague Open-A 2022"]
[Site "Prague"]
[Date "2022.08.05"]
[Round "1.14"]
[White "Meissner, Felix"]
[Black "Ihlen, Sivert"]
[Result "1/2-1/2"]
[ECO "C21"]
[WhiteElo "2381"]
[BlackElo "2057"]
[Annotator "TA"]
[PlyCount "163"]
[EventDate "2022.08.05"]
[EventType "swiss"]
[EventCountry "CZE"]
[SourceTitle "playchess.com"]
[Source "ChessBase"]
[SourceQuality "1"]
[TimeControl "40/5400+30:1800+30"]

1. e4 e5 2. d4 exd4 3. Nf3 d5 4. Qxd4 Nc6 5. Bb5 {[%emt 0:09:44] [#]} dxe4 $146 ({Predecessor:} 5... a6 6. Bxc6+ bxc6 7. O-O dxe4 8. Qxe4+ Ne7 9. Re1 Qd5 10. Qe2 Bf5 11. Nc3 Qd7 {1-0 (38) Sarda,P (1581)-Dias,R Timbo 2021}) 6. Bxc6+ {[%emt 0:09:27] C21: Danish Gambit.} bxc6 7. Qxe4+ Qe7 8. Ne5 {[%emt 0:05:24] The position is equal.} Qb4+ (8... Bb7 $5 9. Nc3 f6 $11) 9. Qxb4 Bxb4+ 10. Bd2 Bd6 {[%emt 0:06:07] This bishop pair is nice.} 11. Bc3 Ne7 12. O-O f6 13. Nc4 Ba6 14. Nbd2 Nd5 15. Rfe1+ Kd7 16. Ba5 Rhe8 17. g3 Nb6 18. Ne3 Nd5 19. Nf5 g6 (19... Rab8 $11) 20. Nxd6 $16 cxd6 21. c4 Nb6 22. Ne4 Re6 23. Rad1 {[%emt 0:04:18] aiming for Nc5+.} Ke7 24. b3 c5 25. Bc3 Rf8 26. Kf1 {[%emt 0:08:08] White is more active.} Nc8 $1 27. Bb2 Bb7 28. Nc3 Rxe1+ 29. Rxe1+ Kf7 30. h4 Re8 {[%emt 0:00:28][%cal Ob7g2] Hoping for ...Bg2+!} 31. Rd1 Rd8 32. Bc1 Ne7 33. Nb5 Nc8 34. Be3 a6 35. Nc3 Ke8 36. Bf4 Ke7 37. Na4 Bc6 38. Nc3 Nb6 39. Ke2 Rd7 40. Be3 Ke6 41. g4 Nc8 42. Rb1 Ne7 43. a3 h5 44. f3 f5 45. g5 f4 46. Bf2 Nf5 47. b4 (47. Ne4 $15 {was preferrable.}) 47... cxb4 ({Better is} 47... Ng3+ $1 $17 48. Bxg3 fxg3) 48. axb4 $11 d5 49. cxd5+ Bxd5 50. Nxd5 Rxd5 $14 {[%emt 0:01:02][%mdl 4096] Endgame KRB-KRN} 51. Ra1 Rd6 52. Ra5 Rc6 53. Kd3 Nd6 54. Bd4 Nf5 {[%emt 0:02:33] And now ...Rd6 would win.} 55. Bf2 Nd6 56. Be1 Nc4 57. Ra2 Ne5+ 58. Ke2 Rd6 59. Bd2 Kf5 60. Ra5 {[%emt 0:00:43] Black must now prevent Bc3.} Rc6 {[%emt 0:03:16] Inhibits Bc3.} 61. Rd5 Rc4 62. Rd6 Rc6 63. Rd8 Rc7 (63... Rc2 $11) 64. Ra8 Rc2 $1 65. Rxa6 Nc4 $2 {[%emt 0:00:32][%mdl 8192] Black is now going downhill.} (65... Nxf3 $1 $11 {and Black has nothing to worry.} 66. Kxf3 Rxd2) 66. Kd3 $18 Rxd2+ 67. Kxc4 {[%emt 0:00:02] KR-KR} Rc2+ 68. Kd4 Rd2+ 69. Kc4 Rc2+ $1 70. Kd5 Rd2+ {[%emt 0:00:13] [#]} 71. Kc5 $1 Rc2+ {[%emt 0:00:24] [#]} 72. Kd6 $1 Rd2+ 73. Ke7 Ke5 74. Re6+ Kf5 75. Rf6+ Ke5 76. Rxg6 Rd3 77. Re6+ Kf5 78. Rf6+ Ke5 79. g6 {[%emt 0:00:43][%cal Bg5g6,Bg6g7][%mdl 32] White mates.} Rxf3 80. g7 Rg3 81. Kf7 f3 82. b5 {[%emt 0:00:23][%mdl 32768] Weighted Error Value: White=0.09 (flawless) /Black=0.10 (very precise) . An unexpected result.} 1/2-1/2

[Event "Summer Prague Open-A 2022"]
[Site "Prague"]
[Date "2022.08.05"]
[Round "1.15"]
[White "Kucera, Tomas"]
[Black "Roubalik, Jakub"]
[Result "0-1"]
[ECO "B30"]
[WhiteElo "1955"]
[BlackElo "2380"]
[Annotator "TA"]
[PlyCount "52"]
[EventDate "2022.08.05"]
[EventType "swiss"]
[EventCountry "CZE"]
[SourceTitle "playchess.com"]
[Source "ChessBase"]
[SourceQuality "1"]
[TimeControl "40/5400+30:1800+30"]

1. e4 c5 2. Nf3 Nc6 3. Nc3 e5 4. g3 d6 5. Bg2 g6 6. O-O Bg7 7. d3 Nge7 8. Be3 O-O 9. Nh4 Be6 10. f4 exf4 11. gxf4 f5 12. Nf3 {[%emt 0:02:17] B25: Closed Sicilian: 3 g3, lines without early Be3.} Kh8 {[%emt 0:25:01] [#]} (12... Nd4 {looks sharper.} 13. Ng5 Bd7 14. a4 h6) 13. Qe1 $146 ({Predecessor:} 13. Ng5 Bg8 14. Nd5 h6 15. Nh3 Rb8 16. Rb1 Qd7 17. a3 fxe4 18. Nxe7 Qxe7 19. dxe4 {0-1 (50) Kleberc,K (2318)-Butkiewicz,L (2379) Czech Republic 2010}) 13... Bg8 14. Kh1 {[%emt 0:11:55] Black is slightly better.} b6 15. Rd1 d5 {[%emt 0:11:19] Strongly threatening ...d4.} 16. Bc1 (16. Bf2 $15) 16... Nb4 $17 17. Nxd5 Nexd5 (17... Nbxd5 18. exd5 Bxd5 19. c4 Bxf3 20. Rxf3 $11) 18. exd5 Nxc2 ({Not} 18... Bxd5 19. c3 Nc6 20. Be3 $15) 19. Qf2 {[%emt 0:00:48] [#]} Nb4 {[%emt 0:00:39] Black is more active.} (19... Nd4 $142 $1 20. Nxd4 cxd4) 20. d4 {[%emt 0:03:18] [#]} (20. b3 $142) 20... c4 $1 ({Don't play} 20... Qxd5 21. a3 Na6 22. Ne5 $14) ({Worse is} 20... Nxa2 21. dxc5 Nxc1 22. Rxc1 $11) 21. Ne5 Bxd5 22. a3 (22. Bd2 $17 Nd3 23. Nxd3 cxd3 24. Bc3) 22... Nd3 (22... Bxe5 $19 23. dxe5 Nd3) 23. Qg3 (23. Nxd3 $17 cxd3 24. Bxd5 Qxd5+ 25. Qf3 Qxd4 26. Rxd3) 23... Bxg2+ 24. Qxg2 (24. Kxg2 $142 Bxe5 25. dxe5) 24... Qxd4 $19 25. Nf7+ (25. Nxd3 {might work better.} cxd3 26. Rf3) 25... Kg8 26. Ng5 Rae8 {[%emt 0:01:51] Against Ne6.  Weighted Error Value: White=0.47/Black=0.15 (very precise)} 0-1

[Event "Summer Prague Open-A 2022"]
[Site "Prague"]
[Date "2022.08.05"]
[Round "1.16"]
[White "Hrabusa, Matej"]
[Black "Leitgeb, Julian"]
[Result "1-0"]
[ECO "A45"]
[WhiteElo "2354"]
[BlackElo "1955"]
[Annotator "TA"]
[PlyCount "47"]
[EventDate "2022.08.05"]
[EventType "swiss"]
[EventCountry "CZE"]
[SourceTitle "playchess.com"]
[Source "ChessBase"]
[SourceQuality "1"]
[TimeControl "40/5400+30:1800+30"]

1. d4 Nf6 2. Bf4 g6 3. Nc3 d5 4. e3 Bg7 5. h4 h5 6. Nf3 {[%emt 0:00:06] A45: Trompowsky Attack.} O-O 7. Qd2 c5 8. dxc5 {[%emt 0:09:02] The position is equal.} Nbd7 9. O-O-O Nxc5 10. Ne5 (10. Nxd5 Nxd5 11. Qxd5 Qb6 $17) (10. Ng5 $15) 10... Qb6 11. f3 {[%emt 0:04:02] Inhibits Nce4.} Be6 {[%emt 0:03:59] [#] Prevents g4.} 12. Be2 $146 ({Predecessor:} 12. Qd4 Rac8 13. Na4 Nxa4 14. Qxa4 Nd7 15. Nd3 Rc4 16. Qb3 Rfc8 17. Rd2 Qa5 18. a3 b5 19. Nb4 Nc5 20. Bxc4 dxc4 21. Qa2 Nb3+ {0-1 (21) Kroneder,C (2045)-Kotz,R (2153) Nuremberg 2019}) 12... Nfd7 13. Nxd7 (13. Qd4 $15) 13... Nxd7 (13... Bxd7 $17 14. e4 (14. Qxd5 $2 Be6 $19) 14... dxe4) 14. g4 $15 {[%emt 0:08:58] gxh5 is the strong threat.} Rfc8 {[%emt 0:04:18][%cal Oc8c3] Hoping for ...Rxc3!} 15. Nb5 (15. Na4 $17 Qc6 16. Nc3) 15... d4 $2 (15... hxg4 $19 16. fxg4 Nc5) 16. exd4 $11 {[%emt 0:04:48] Strongly threatening d5.} Bxa2 17. gxh5 gxh5 (17... e5 $16 {was necessary.}) 18. Rhg1 $18 Kf8 $2 {[%emt 0:05:46] [#]} (18... Nf8 19. Nc3 Bc4) 19. Rxg7 $1 Kxg7 20. Rg1+ Kh8 {[%emt 0:00:56] [#]} 21. Bd6 $1 {[%emt 0:00:40][%cal Rd2h6][%mdl 512] This bishop pair is nice.} Rxc2+ 22. Kxc2 Rc8+ 23. Kd1 Bb3+ 24. Ke1 {[%emt 0:00:06] Weighted Error Value: White=0.21 (precise) /Black=1.07} 1-0

[Event "Summer Prague Open-A 2022"]
[Site "Prague"]
[Date "2022.08.05"]
[Round "1.17"]
[White "Dylag, Emilia"]
[Black "Sarkar, Justin"]
[Result "0-1"]
[ECO "E04"]
[WhiteElo "2022"]
[BlackElo "2346"]
[Annotator "TA"]
[PlyCount "108"]
[EventDate "2022.08.05"]
[EventType "swiss"]
[EventCountry "CZE"]
[SourceTitle "playchess.com"]
[Source "ChessBase"]
[SourceQuality "1"]
[TimeControl "40/5400+30:1800+30"]

1. d4 Nf6 2. c4 e6 3. g3 d5 4. Bg2 dxc4 5. Nf3 Bb4+ 6. Nbd2 {[%emt 0:00:56][%mdl 1024] White has compensation.} b5 {[%emt 0:02:08] Inhibits Qa4. E04: Open Catalan: 5 Nf3.} 7. O-O O-O 8. b3 c3 {[%emt 0:16:54] Black has an edge.} 9. Nb1 Bb7 10. a3 {[%emt 0:03:05] [#]} Be4 $1 11. Ne1 {[%emt 0:00:51] Prevents c2.} ({Avoid the trap} 11. axb4 $2 c2 12. Qe1 cxb1=B $19) (11. Qe1 c2) 11... Bxg2 12. Kxg2 Ba5 {[%emt 0:01:29] [#]} 13. b4 $146 ({Predecessor:} 13. Qd3 Qd5+ 14. f3 Qxb3 15. a4 bxa4 16. Ra3 Qb7 17. Rxa4 Nc6 18. Nxc3 Rfd8 19. Bg5 {0-1 (34) Von Mettenheim,J (2219)-Colbow,C (2345) Willingen 2022}) 13... Bb6 14. e3 {[%emt 0:11:40] [#]} a5 $1 {[%emt 0:11:06] Black is more active.} 15. Qf3 Qd5 {[%emt 0:06:09] And now ...axb4 would win.} 16. Nxc3 Qxf3+ 17. Nxf3 axb4 18. Nxb5 Rd8 {[%emt 0:03:09] ...c6 is the strong threat.} 19. Rb1 $1 c6 20. Nc3 bxc3 21. Rxb6 c5 22. dxc5 Nbd7 23. Rb3 Ne4 $1 24. c6 Ndc5 {[%emt 0:00:18] Pair of Knights!} 25. Rb4 Rdc8 26. Nd4 e5 27. Nf5 {[%emt 0:02:40] Strongly threatening Ne7+.} Kf8 {[%emt 0:00:34] Inhibits Ne7.} 28. f3 Nd2 29. Bxd2 cxd2 30. Rd1 g6 31. Nd6 Rxc6 32. Rxd2 Rxa3 33. Rb8+ Ke7 34. Nc4 Rd3 (34... Ne4 {feels hotter.} 35. Nxe5 Nxd2 36. Nxc6+ Kd6) 35. Rbb2 Rxd2+ 36. Rxd2 $11 {[%emt 0:00:27][%mdl 4096] Endgame KRN-KRN} e4 37. fxe4 Nxe4 38. Rd4 f5 39. g4 Ra6 40. gxf5 Ra2+ 41. Kh3 gxf5 42. Nb6 Kf6 43. Nd7+ Kg5 44. Nf8 h5 {[%emt 0:05:04] Hoping for ...h4.} 45. Ne6+ Kf6 46. Nf4 {[%emt 0:03:59][%mdl 8192] Now White is beyond hope.} (46. Nc7 $11) 46... Ng5+ $19 47. Kg3 h4+ $1 48. Kxh4 Nf3+ 49. Kg3 Nxd4 50. exd4 Rd2 51. d5 Ke5 52. h4 Rd4 53. Ne2 Rd3+ 54. Kg2 Rxd5 {[%emt 0:00:08] Weighted Error Value: White=0.32/Black=0.02 (flawless)} (54... f4 $142 55. Kf2 Ke4) 0-1

[Event "Summer Prague Open-A 2022"]
[Site "Prague"]
[Date "2022.08.05"]
[Round "1.18"]
[White "Ranaldi, Lucas"]
[Black "Kusina, Jan"]
[Result "1-0"]
[ECO "A39"]
[WhiteElo "2339"]
[BlackElo "1954"]
[Annotator "TA"]
[PlyCount "81"]
[EventDate "2022.08.05"]
[EventType "swiss"]
[EventCountry "CZE"]
[SourceTitle "playchess.com"]
[Source "ChessBase"]
[SourceQuality "1"]
[TimeControl "40/5400+30:1800+30"]

1. c4 c5 2. Nf3 Nf6 3. Nc3 Nc6 4. g3 g6 5. Bg2 Bg7 6. O-O O-O 7. d4 cxd4 8. Nxd4 Nxd4 9. Qxd4 d6 10. Qd3 a6 11. Rd1 {[%emt 0:03:17][%cal Oc4c5] 11.Rd1 is the recent fashion.} Qa5 {[%emt 0:09:32] A39: Symmetrical English vs ...g6: 4 Bg2 Bg7 5 Nf3 Nf6 6 0-0 0-0 7 d4.} 12. Bd2 Qh5 {[%emt 0:04:13] [#]} 13. Bf3 $146 ({Predecessor:} 13. h4 Bf5 14. e4 Be6 15. Bg5 h6 16. Bf3 Bg4 17. Bxg4 Qxg4 18. Bxf6 Bxf6 19. Nd5 {1-0 (47) Barlov,D (2475)-Markovic,M (2275) Valjevo 2011}) 13... Bf5 {[%emt 0:18:07] White has an edge.} 14. Bxh5 Bxd3 15. exd3 Nxh5 16. Re1 e6 17. Ne4 Rfd8 18. g4 Nf6 19. Bg5 Nxe4 20. Bxd8 {[%emt 0:00:05] Be7 is the strong threat.} Nc5 21. Bb6 Nxd3 22. Re4 $1 Rc8 ({Don't take} 22... Bxb2 23. Rd1 Nc5 24. Bxc5 dxc5 25. Rb1 $16) (22... Nxb2 $11 23. Bd4 Na4 24. Bxg7 Kxg7) 23. Rd1 $14 Nxb2 24. Rxd6 Nxc4 25. Rd8+ Rxd8 26. Bxd8 $16 {[%emt 0:00:03][%mdl 4096] Endgame KRB-KBN} b5 27. Kg2 (27. g5 $14) 27... Kf8 $11 28. Re1 Be5 29. Bg5 f6 30. Bc1 {[%emt 0:00:27] Black must now prevent f4.} Kf7 31. Rd1 Ke7 {[%emt 0:01:58] [#] Against Rd7+} (31... Bd6 $11 {keeps the balance.}) 32. Rd3 $1 $16 Bd6 (32... f5 $16 {might work better.}) 33. Rh3 $18 Be5 (33... g5 $142 34. Rxh7+ Kd8) 34. Rxh7+ Kd6 $2 (34... Kf8 35. h4 Bd4) 35. h4 {[%emt 0:00:35] White is clearly winning.} b4 36. Ra7 {[%emt 0:00:49] [#] Threatens to win with h5.} a5 (36... Bd4 $142) 37. h5 gxh5 38. gxh5 {[%emt 0:00:07][%cal Bg4h5,Bh5h6,Bh6h7][%mdl 32] aiming for h6.} f5 39. h6 {[%emt 0:00:11] And now h7 would win.} Kc5 40. h7 Kb5 41. Ra8 {[%emt 0:30:54] Weighted Error Value: White=0.08 (flawless) /Black=0.39} (41. Bh6 $142) 1-0